[Event "Titled Tuesday Blitz May 2 Late 2023"]
[White "Mgeladze, Tamaz"]
[Black "Tomaszewski, Kacper"]
[WhiteFideId "13601202"]
[BlackFideId "1127373"]
[WhiteElo "2288"]
[BlackElo "2211"]
[Result "1-0"]
[Round "02"]
[TimeControl "180+2"]
[Date "2023.05.02"]
[WhiteClock "0:00:38"]
[BlackClock "0:00:13"]

1. c4 Nf6 2. Nc3 g6 3. g3 Bg7 4. Bg2 O-O 5. Nf3 c5 6. O-O d5 7. d3 d4 8. Na4 Nbd7 9. e3 dxe3 10. Bxe3 Qc7 11. Nc3 a6 12. Re1 Rb8 13. Bf4 e5 14. Nxe5 Nh5 15. Nxd7 Nxf4 16. Nxf8 Nxg2 17. Nd5 Qd6 18. Kxg2 Bxf8 19. Qf3 Be6 20. Re2 Bg7 21. Rae1 b5 22. b3 Rd8 23. h3 h5 24. Rxe6 fxe6 25. Nf6+ Kh8 26. Ne4 Qxd3 27. Qxd3 Rxd3 28. Nxc5 Rd2 29. Nxe6 Rxa2 30. Rc1 Bh6 31. Nf4 Bxf4 32. gxf4 bxc4 33. bxc4 Rd2 34. c5 Rd7 35. c6 Rc7 36. Kf3 Kg7 37. Ke4 Kf6 38. Kd5 a5 39. Kd6 Rc8 40. c7 a4 41. Kd7 Rh8 42. c8=Q Rxc8 43. Rxc8 Kf5 44. Rc4 a3 45. Ra4 1-0


[Site "https://www.chess.com"]

[Event "Titled Tuesday Blitz May 2 Late 2023"]
[White "Bryant, John Daniel"]
[Black "Kleiman, Jake"]
[WhiteFideId "2031280"]
[BlackFideId "2020041"]
[WhiteElo "2455"]
[BlackElo "2399"]
[Result "0-1"]
[Round "02"]
[TimeControl "180+2"]
[Date "2023.05.02"]
[WhiteClock "0:00:01"]
[BlackClock "0:00:26"]

1. e4 e5 2. Nf3 Nc6 3. Bb5 a6 4. Ba4 Nf6 5. O-O b5 6. Bb3 Bc5 7. d3 O-O 8. Nc3 h6 9. Nd5 d6 10. Nxf6+ Qxf6 11. Bd5 Bd7 12. Be3 Rad8 13. h3 Ne7 14. Bb3 Ng6 15. c3 Nf4 16. d4 Bb6 17. Kh2 Rfe8 18. Qd2 Nxh3 19. Rae1 g5 20. Qd1 Bg4 21. Bc2 Nf4 22. Rh1 Ng6 23. Bd3 d5 24. Kg3 dxe4 25. Bxe4 exd4 26. Bxg5 hxg5 27. Kxg4 Qf4+ 28. Kh5 Kg7 29. Nxg5 0-1


[Site "https://www.chess.com"]

[Event "Titled Tuesday Blitz May 2 Late 2023"]
[White "Karas, Marek"]
[Black "Bryakin, Mikhail"]
[WhiteFideId "14928558"]
[BlackFideId "4165314"]
[WhiteElo "2233"]
[BlackElo "2447"]
[Result "1-0"]
[Round "02"]
[TimeControl "180+2"]
[Date "2023.05.02"]
[WhiteClock "0:00:04"]
[BlackClock "0:00:29"]

1. d4 d6 2. e4 e5 3. dxe5 dxe5 4. Qxd8+ Kxd8 5. Bc4 Ke8 6. Nc3 c6 7. Nf3 Nd7 8. a4 a5 9. Bd2 f6 10. O-O Bc5 11. Ne2 Ne7 12. c3 Nb6 13. Bb3 Bd6 14. Be3 Bc7 15. Rfd1 Bg4 16. h3 Bh5 17. g4 Bf7 18. Bxf7+ Kxf7 19. b3 Rhd8 20. Ng3 g6 21. Kf1 Ke6 22. Ke2 Rxd1 23. Rxd1 Nd7 24. Nd2 Nb6 25. f3 Rd8 26. Bxb6 Bxb6 27. Nc4 Rxd1 28. Kxd1 Bc7 29. Ne2 Nc8 30. Kc2 b5 31. Nb2 Bb6 32. c4 b4 33. Nd3 Be3 34. Kd1 Nd6 35. Ng3 Bd4 36. Kc2 c5 37. Ne2 Be3 38. Ng3 Nf7 39. h4 Bd4 40. Ne2 Be3 41. Ng3 Kd6 42. Kd1 Nd8 43. Nf1 Bd4 44. Ke2 Ne6 45. Ng3 Bg1 46. Kf1 Be3 47. Ne2 Bd4 48. Kg2 Ba1 49. Kf2 Nc7 50. Ke1 Bd4 51. Kf1 Kc6 52. Ke1 Ne6 53. Kf1 Ng7 54. Ke1 h5 55. Nxd4+ cxd4 56. g5 fxg5 57. Nxe5+ Kc5 58. hxg5 h4 59. Nd3+ Kd6 60. f4 Ne6 61. Kf2 h3 62. Kg3 Nc5 63. Nxc5 Kxc5 64. f5 d3 65. f6 d2 66. f7 d1=Q 67. f8=Q+ Kc6 68. Qf6+ Kb7 69. Qf7+ Kb8 70. Qf8+ Kc7 71. Qg7+ Kc8 72. Qg8+ Kc7 73. Qf7+ Kc8 74. Qe8+ Kc7 75. Qe7+ Kc6 76. Qe6+ Kc7 77. Qe5+ Qd6 78. Qxd6+ Kxd6 79. Kxh3 Ke5 80. c5 Kd4 81. c6 Kc3 82. c7 Kxb3 83. c8=Q Kxa4 84. Qc4 Ka3 85. e5 b3 86. Qc1+ Ka2 87. e6 a4 88. e7 a3 89. e8=Q b2 90. Qe6# 1-0


[Site "https://www.chess.com"]

[Event "Titled Tuesday Blitz May 2 Late 2023"]
[White "Bilych, Olexiy"]
[Black "Molenda, Marcin"]
[WhiteFideId "14156504"]
[BlackFideId "1173065"]
[WhiteElo "2320"]
[BlackElo "2286"]
[Result "0-1"]
[Round "02"]
[TimeControl "180+2"]
[Date "2023.05.02"]
[WhiteClock "0:00:10"]
[BlackClock "0:01:10"]

1. d4 d5 2. c4 c6 3. Nf3 Nf6 4. Nc3 e6 5. Bg5 Nbd7 6. e3 Qa5 7. Nd2 Bb4 8. Qc2 dxc4 9. Bxf6 Nxf6 10. Nxc4 Qc7 11. a3 Be7 12. g3 c5 13. Bg2 Bd7 14. Ne5 cxd4 15. exd4 O-O 16. O-O Rac8 17. Rac1 Rfd8 18. Qe2 Be8 19. Nd5 Qxc1 20. Nxe7+ Kf8 21. Rxc1 Rxc1+ 22. Bf1 Kxe7 23. Qd2 Rdc8 24. Qb4+ Kd8 25. Qd6+ Nd7 26. Kg2 f6 27. Nxd7 Bxd7 28. Bb5 R8c6 29. Bxc6 bxc6 30. Qf8+ Kc7 31. Qxg7 f5 32. Qxh7 c5 33. dxc5 Rxc5 34. Qe7 Rd5 35. h4 Kb6 36. Qb4+ Kc7 37. Qc4+ Bc6 38. h5 Rc5+ 0-1


[Site "https://www.chess.com"]

[Event "Titled Tuesday Blitz May 2 Late 2023"]
[White "Yanchenko, Roman"]
[Black "Petrovic, Aleksa"]
[WhiteFideId "4137329"]
[BlackFideId "967629"]
[WhiteElo "2491"]
[BlackElo "2309"]
[Result "1-0"]
[Round "02"]
[TimeControl "180+2"]
[Date "2023.05.02"]
[WhiteClock "0:00:40"]
[BlackClock "0:00:01"]

1. d4 d5 2. c4 c6 3. Nc3 Nf6 4. Bf4 dxc4 5. a4 Bf5 6. e3 e6 7. Bxc4 Bb4 8. Qb3 a5 9. Ne2 O-O 10. O-O Nbd7 11. f3 Qb6 12. e4 e5 13. Be3 Bg6 14. Na2 exd4 15. Nxd4 Bc5 16. Rfd1 Ne5 17. Qxb6 Bxb6 18. Be2 Rad8 19. Nc3 Ned7 20. Kf1 Rfe8 21. Bf2 Nc5 22. Nb3 Nfd7 23. Nxc5 Nxc5 24. Bc4 Kf8 25. g4 f6 26. Rac1 Bf7 27. Bxf7 Rxd1+ 28. Nxd1 Rd8 29. Bxc5+ Bxc5 30. Bb3 b6 31. Ke2 Bb4 32. Nc3 Ke7 33. Rd1 Bd6 34. h4 Rc8 35. h5 Bf4 36. Bc4 Rc7 37. b3 Rc8 38. Rd3 Rc7 39. Nd1 b5 40. axb5 cxb5 41. Bxb5 Rc2+ 42. Kf1 Rh2 43. Bc4 Bg3 44. Kg1 Rc2 45. Ne3 Rc1+ 46. Kg2 Be5 47. Rd1 Rxd1 48. Nxd1 Kd6 49. Ne3 Kc5 50. Bf7 Kd4 51. Nf5+ Kc3 52. Nxg7 Kb4 53. Nf5 1-0


[Site "https://www.chess.com"]

[Event "Titled Tuesday Blitz May 2 Late 2023"]
[White "Sanhueza, Cristian"]
[Black "Halkias, Stelios"]
[WhiteFideId "116815"]
[BlackFideId "4201809"]
[WhiteElo "2219"]
[BlackElo "2451"]
[Result "0-1"]
[Round "02"]
[TimeControl "180+2"]
[Date "2023.05.02"]
[WhiteClock "0:00:40"]
[BlackClock "0:00:18"]

1. e4 e5 2. Nf3 Nc6 3. Bc4 Bc5 4. c3 Nf6 5. b4 Be7 6. d3 d6 7. O-O O-O 8. a4 a6 9. Be3 Kh8 10. Nbd2 Ng4 11. h3 Nxe3 12. fxe3 f5 13. exf5 Bxf5 14. e4 Bg6 15. Bb3 Qd7 16. Nc4 Nd8 17. Ne3 c6 18. Bc2 Ne6 19. d4 exd4 20. cxd4 Nf4 21. e5 Bxc2 22. Qxc2 dxe5 23. dxe5 Bxb4 24. Ng5 Qd3 25. Qxd3 Nxd3 26. Kh2 Nxe5 27. Rfb1 Bd6 28. Ne4 Bb8 29. Kh1 Ba7 30. Re1 b5 31. axb5 axb5 32. Rad1 Bxe3 33. Rxe3 Nc4 34. Rg3 Rae8 35. Nd6 Nxd6 36. Rxd6 Rf6 37. Rd7 Rg6 38. Rc3 Rc8 39. g4 h6 40. Kg2 c5 41. Rb7 b4 42. Rxb4 Rgc6 43. Rbc4 Kh7 44. Kg3 Kg6 45. Kf4 Kf6 46. h4 Ke7 47. g5 h5 48. Kf5 Re6 49. Rxc5 Rf8# 0-1


[Site "https://www.chess.com"]

[Event "Titled Tuesday Blitz May 2 Late 2023"]
[White "Papasimakopoulos, Alexandros"]
[Black "Shubenkova, Veronika"]
[WhiteFideId "4244125"]
[BlackFideId "44124040"]
[WhiteElo "2359"]
[BlackElo "2027"]
[Result "1-0"]
[Round "02"]
[TimeControl "180+2"]
[Date "2023.05.02"]
[WhiteClock "0:01:10"]
[BlackClock "0:00:11"]

1. d4 d5 2. c4 e6 3. Nc3 Nf6 4. cxd5 exd5 5. Bg5 Be7 6. e3 O-O 7. Bd3 c6 8. Qc2 Nbd7 9. Nf3 Re8 10. O-O h6 11. Bh4 Ne4 12. Bxe7 Qxe7 13. Bxe4 dxe4 14. Nd2 Nf6 15. Rab1 b6 16. b4 a5 17. bxa5 bxa5 18. Na4 Ba6 19. Nc4 Nd5 20. a3 Qg5 21. Nc5 Bc8 22. Kh1 Nf6 23. Nb6 Rb8 24. Nxc8 Rexc8 25. h3 Qd5 26. Rb2 Rxb2 27. Qxb2 g5 28. Qb7 Rd8 29. Qc7 g4 30. h4 Re8 31. Rb1 Qa2 32. Rb7 Rf8 33. Qf4 Nh5 34. Qxg4+ Ng7 35. Nxe4 Qa1+ 36. Kh2 Qxa3 37. Rd7 Qd3 38. Ra7 Qa3 39. g3 Qa2 40. Nf6+ Kh8 41. Kg2 a4 42. Qe4 1-0


[Site "https://www.chess.com"]

[Event "Titled Tuesday Blitz May 2 Late 2023"]
[White "Toktomushev, Teimur"]
[Black "Sun, Rick"]
[WhiteFideId "14176726"]
[BlackFideId "30909481"]
[WhiteElo "2116"]
[BlackElo "2169"]
[Result "0-1"]
[Round "02"]
[TimeControl "180+2"]
[Date "2023.05.02"]
[WhiteClock "0:00:02"]
[BlackClock "0:00:09"]

1. d4 d6 2. c4 Nf6 3. Nc3 g6 4. e4 Bg7 5. f3 O-O 6. Be3 a6 7. Qd2 Nbd7 8. Nge2 c5 9. h4 h5 10. O-O-O b5 11. dxc5 dxc5 12. e5 Nh7 13. e6 fxe6 14. Nf4 b4 15. Ne4 Rxf4 16. Bxf4 Qa5 17. Kb1 Nhf8 18. g4 Nb6 19. Bh6 Bb7 20. Bxg7 Kxg7 21. gxh5 Na4 22. hxg6 Bxe4+ 23. fxe4 Nc3+ 24. bxc3 bxc3 25. Qc2 Rb8+ 26. Ka1 Rb2 27. Qxb2 cxb2+ 28. Kxb2 Qb4+ 29. Ka1 Qc3+ 30. Kb1 Nxg6 31. Rg1 Kh6 32. Be2 Ne5 33. Rc1 Qb4+ 34. Ka1 Qd2 35. Rge1 Qd4+ 36. Kb1 Qd2 37. Ka1 Qb4 38. Rb1 Qc3+ 39. Rb2 Nc6 40. Rf1 Nd4 41. Bd1 Qd3 42. Rg1 Qe3 43. Rf1 Qc1+ 44. Rb1 Qc3+ 45. Rb2 Qxc4 46. Rg1 Qc3 47. h5 Qc1+ 48. Rb1 Qe3 49. Rg6+ Kh7 50. Bb3 Qc3+ 51. Rb2 Qc1+ 52. Rb1 Nxb3+ 53. axb3 Qa3# 0-1


[Site "https://www.chess.com"]

[Event "Titled Tuesday Blitz May 2 Late 2023"]
[White "Roux, Baptiste"]
[Black "Schmakel, Sam"]
[WhiteFideId "36017450"]
[BlackFideId "2039311"]
[WhiteElo "2077"]
[BlackElo "2356"]
[Result "0-1"]
[Round "02"]
[TimeControl "180+2"]
[Date "2023.05.02"]
[WhiteClock "0:00:01"]
[BlackClock "0:00:05"]

1. d4 d5 2. Nf3 e6 3. g3 b6 4. Bg2 Bb7 5. O-O Nd7 6. Nbd2 c5 7. e3 Rc8 8. b3 cxd4 9. exd4 Ngf6 10. Bb2 b5 11. Re1 Bb4 12. Re3 O-O 13. a3 Be7 14. h3 Qc7 15. Rc1 Qa5 16. b4 Qd8 17. Ne5 Nxe5 18. dxe5 Nd7 19. Bd4 a5 20. c3 Nb6 21. Bf1 Bc6 22. f4 Na4 23. Bd3 Bd7 24. Bb1 f5 25. exf6 Bxf6 26. Nf3 axb4 27. axb4 Qe7 28. Ne5 Be8 29. Qd3 g6 30. g4 Bg7 31. Kg2 Rxf4 32. Rf1 Rxf1 33. Kxf1 Nb2 34. Qe2 Na4 35. Kg2 Rc7 36. Bc2 Qg5 37. Bxa4 bxa4 38. Nf3 Qf4 39. Bxg7 Rxg7 40. Rxe6 Bd7 41. Re7 Rf7 42. Rxf7 Qxf7 43. Qe5 a3 44. Qe2 Bc6 45. Nd4 Bb7 46. Qa2 Qe7 47. Qxa3 Qe4+ 48. Kg3 Qe3+ 49. Kg2 Qd2+ 50. Kf3 Qd3+ 51. Kf2 Qd2+ 0-1


[Site "https://www.chess.com"]

[Event "Titled Tuesday Blitz May 2 Late 2023"]
[White "Nazari, Arad"]
[Black "Seder, Mohammed"]
[WhiteFideId "12577324"]
[BlackFideId "11505567"]
[WhiteElo "2242"]
[BlackElo "1862"]
[Result "1-0"]
[Round "02"]
[TimeControl "180+2"]
[Date "2023.05.02"]
[WhiteClock "0:00:16"]
[BlackClock "0:00:01"]

1. e4 c5 2. Nf3 Nc6 3. Bb5 g6 4. Bxc6 bxc6 5. O-O Bg7 6. c3 d6 7. d4 cxd4 8. cxd4 Bg4 9. Be3 Nf6 10. Nc3 O-O 11. h3 Be6 12. Qd2 Qc7 13. Rac1 Rfc8 14. Bh6 Bh8 15. Rfe1 Rab8 16. Bg5 Rb7 17. d5 cxd5 18. Nxd5 Qd8 19. Rxc8 Bxc8 20. Bxf6 Bxf6 21. Nxf6+ exf6 22. Rc1 Be6 23. b3 Rd7 24. Qd4 f5 25. exf5 Bxf5 26. Rc4 d5 27. Ra4 Qc7 28. Qf6 Re7 29. Rd4 Be4 30. Ng5 h6 31. Nxe4 Rxe4 32. Rd1 Qc2 33. Rxd5 Re8 34. Rd7 Rf8 35. Rxa7 Qc1+ 36. Kh2 Qc5 37. Ra4 Qc8 38. Qf4 Qe6 39. Qxh6 Rc8 40. Rh4 Qf6 41. Qf4 1-0


[Site "https://www.chess.com"]

[Event "Titled Tuesday Blitz May 2 Late 2023"]
[White "Ocelak, Jakub"]
[Black "Khripachenko, Alexander"]
[WhiteFideId "23707933"]
[BlackFideId "54184975"]
[WhiteElo "2044"]
[BlackElo "2374"]
[Result "0-1"]
[Round "02"]
[TimeControl "180+2"]
[Date "2023.05.02"]
[WhiteClock "0:00:10"]
[BlackClock "0:00:30"]

1. b3 d5 2. Bb2 Bg4 3. f3 Bh5 4. Nh3 f6 5. Nf4 Bf7 6. d4 c5 7. e4 dxe4 8. d5 Qd6 9. Bb5+ Nd7 10. Ne6 exf3 11. Qxf3 Bxe6 12. dxe6 Qxe6+ 13. Kf2 O-O-O 14. Nc3 Ne5 15. Qf4 Rd4 16. Qg3 Nh6 17. Rhe1 Nf5 18. Qh3 Rh4 19. Bc4 Qd7 20. Rad1 Rxh3 21. Rxd7 Nxc4 22. gxh3 Kxd7 23. bxc4 e6 24. Ne4 Be7 25. Rd1+ Kc6 26. Re1 Rd8 27. Bc3 e5 28. Bb2 Nd4 29. c3 Ne6 30. Bc1 Rd3 31. Re3 Rxe3 32. Bxe3 f5 33. Ng3 f4 34. Nf5 fxe3+ 35. Kxe3 Bf6 36. Ke4 g6 37. Ne3 Ng5+ 38. Kd3 Nxh3 39. Ng4 Nf4+ 40. Ke4 Bg7 41. h4 h5 42. Ne3 Bf6 43. Nd5 Nxd5 44. cxd5+ Kd6 45. c4 Bxh4 0-1


[Site "https://www.chess.com"]

[Event "Titled Tuesday Blitz May 2 Late 2023"]
[White "Manon-og, Ramon Jr."]
[Black "Stearman, Josiah"]
[WhiteFideId "5200776"]
[BlackFideId "2062496"]
[WhiteElo "1999"]
[BlackElo "2393"]
[Result "0-1"]
[Round "02"]
[TimeControl "180+2"]
[Date "2023.05.02"]
[WhiteClock "0:00:04"]
[BlackClock "0:02:15"]

1. e4 c5 2. Nf3 Nc6 3. d4 cxd4 4. Nxd4 g6 5. Nc3 Bg7 6. Be3 Nf6 7. Bc4 O-O 8. Qd2 Ng4 9. O-O Nxe3 10. fxe3 d6 11. Rad1 Bg4 12. Rc1 Rc8 13. Rfe1 Nxd4 14. exd4 Rxc4 15. Ne2 Bxe2 16. Rxe2 Rxd4 17. Qe3 Qb6 18. c3 Rc4 19. Qxb6 axb6 20. h3 Ra8 21. a3 b5 22. Rcc2 e6 23. Re3 Bd4 24. cxd4 Rxc2 25. Rd3 Rxb2 26. Rc3 b4 27. Rc7 bxa3 28. Rxb7 Rxb7 0-1


[Site "https://www.chess.com"]

[Event "Titled Tuesday Blitz May 2 Late 2023"]
[White "Prohaszka, Peter"]
[Black "Arnold, Ken"]
[WhiteFideId "726265"]
[BlackFideId "2056836"]
[WhiteElo "2626"]
[BlackElo "2355"]
[Result "1-0"]
[Round "02"]
[TimeControl "180+2"]
[Date "2023.05.02"]
[WhiteClock "0:00:30"]
[BlackClock "0:00:31"]

1. d4 Nf6 2. Nf3 e6 3. Bf4 d5 4. e3 Bd6 5. Nbd2 O-O 6. c3 b6 7. Bg3 Bb7 8. Bd3 Nc6 9. Ne5 Ne7 10. Bh4 Ng6 11. Nxg6 fxg6 12. f4 c5 13. O-O Qc7 14. Qf3 a6 15. a4 Rae8 16. Kh1 Qd7 17. Qh3 Bc6 18. Nf3 Bxa4 19. Ng5 Bb5 20. Bxb5 axb5 21. Ra6 h6 22. Nf3 Qb7 23. Rfa1 Ra8 24. Qxe6+ Kh7 25. Rxa8 Rxa8 26. Rxa8 Qxa8 27. Qxd6 Qa1+ 28. Ng1 Ne4 29. Qxd5 Nd2 30. dxc5 bxc5 31. Qxd2 1-0


[Site "https://www.chess.com"]

[Event "Titled Tuesday Blitz May 2 Late 2023"]
[White "Iliaguev, Nisim"]
[Black "Jarocka, Liwia"]
[WhiteFideId "2817276"]
[BlackFideId "21807558"]
[WhiteElo "2241"]
[BlackElo "2013"]
[Result "1-0"]
[Round "02"]
[TimeControl "180+2"]
[Date "2023.05.02"]
[WhiteClock "0:00:42"]
[BlackClock "0:00:14"]

1. d4 d5 2. Nf3 Nf6 3. g3 e6 4. Bg2 c5 5. O-O cxd4 6. Nxd4 Be7 7. c4 O-O 8. Nc3 Nc6 9. cxd5 exd5 10. b3 Re8 11. Bb2 Bg4 12. h3 Be6 13. Rc1 Rc8 14. Nxe6 fxe6 15. h4 Kh8 16. e3 Bf8 17. Qd2 Rc7 18. Rfd1 Rd7 19. Ne2 e5 20. a3 a5 21. Qc2 Qe7 22. Qf5 g6 23. Qc2 Bg7 24. Nc3 Red8 25. Nb5 Qf7 26. Bh3 Re7 27. Qe2 Rf8 28. Bg2 Rd8 29. a4 Ree8 30. Ba3 h5 31. Nd6 Rxd6 32. Bxd6 d4 33. Qc4 Qd7 34. Bc5 Qf5 35. exd4 Ng4 36. Qe2 Rf8 37. d5 Nd4 38. Bxd4 exd4 39. Be4 Qxf2+ 40. Qxf2 Rxf2 41. d6 Bf6 42. d7 Rb2 43. Rc8+ Kg7 44. d8=Q Bxd8 45. Rxd8 Ne3 46. R8xd4 Nxd1 47. Rxd1 Rxb3 48. Bd3 Rb4 49. Bb5 Rb3 50. Kg2 Rb2+ 51. Kh3 b6 52. Rd7+ Kh6 53. Rd6 Rb4 54. Rxb6 Kg7 55. Ra6 g5 56. hxg5 1-0


[Site "https://www.chess.com"]

[Event "Titled Tuesday Blitz May 2 Late 2023"]
[White "Gertler, David"]
[Black "Jaracz, Pawel"]
[WhiteFideId "2017377"]
[BlackFideId "1102222"]
[WhiteElo "2218"]
[BlackElo "2438"]
[Result "0-1"]
[Round "02"]
[TimeControl "180+2"]
[Date "2023.05.02"]
[WhiteClock "0:00:57"]
[BlackClock "0:01:20"]

1. e4 e5 2. Nf3 Nc6 3. Bb5 Nf6 4. d4 exd4 5. O-O d6 6. Nxd4 Bd7 7. Bxc6 bxc6 8. Qf3 Ng4 9. h3 Ne5 10. Qg3 c5 11. Ne2 Ng6 12. Nbc3 Qh4 13. Qxh4 Nxh4 14. Nd5 Rc8 15. f4 f5 16. g3 Ng6 17. Nec3 c6 18. Ne3 fxe4 19. f5 Ne5 20. Nxe4 d5 21. Ng5 c4 22. Ng4 Bc5+ 23. Kg2 Nxg4 24. hxg4 O-O 25. Rh1 Rce8 0-1


[Site "https://www.chess.com"]

[Event "Titled Tuesday Blitz May 2 Late 2023"]
[White "Skvortsov, Andrei"]
[Black "Ardila, Oscar Humberto"]
[WhiteFideId "24108600"]
[BlackFideId "4404742"]
[WhiteElo "2259"]
[BlackElo "1918"]
[Result "1-0"]
[Round "02"]
[TimeControl "180+2"]
[Date "2023.05.02"]
[WhiteClock "0:00:38"]
[BlackClock "0:00:14"]

1. e4 e5 2. d4 exd4 3. Qxd4 Nc6 4. Qd3 Qe7 5. Nc3 Nb4 6. Qe2 c6 7. a3 Na6 8. Bf4 Qf6 9. Nh3 Ne7 10. Bg5 Qg6 11. Be3 d6 12. Nf4 Qg4 13. f3 Qh4+ 14. g3 Qf6 15. O-O-O Ng6 16. Nxg6 Qxg6 17. Bf4 Be7 18. Qd2 O-O 19. h4 h5 20. Bd3 Nc5 21. Bc4 b5 22. Ba2 Rd8 23. Bg5 Bxg5 24. hxg5 a5 25. f4 Bg4 26. f5 Qh7 27. Bxf7+ Kh8 28. Qf4 b4 29. Qxg4 g6 30. fxg6 1-0


[Site "https://www.chess.com"]

[Event "Titled Tuesday Blitz May 2 Late 2023"]
[White "Koellner, Ruben Gideon"]
[Black "Prieto Aranguren, Alain"]
[WhiteFideId "12993093"]
[BlackFideId "2268906"]
[WhiteElo "2314"]
[BlackElo "2209"]
[Result "1-0"]
[Round "02"]
[TimeControl "180+2"]
[Date "2023.05.02"]
[WhiteClock "0:00:34"]
[BlackClock "0:00:15"]

1. d4 d5 2. Nf3 Nf6 3. Nbd2 c6 4. e3 g6 5. b4 Bg7 6. c4 O-O 7. a4 Bf5 8. Be2 Ne4 9. Nxe4 dxe4 10. Nd2 a5 11. b5 c5 12. Nb3 cxd4 13. exd4 e5 14. d5 b6 15. Ba3 Re8 16. Rc1 Bh6 17. Rc3 Qh4 18. O-O Nd7 19. c5 bxc5 20. Nxc5 Nxc5 21. Bxc5 Rac8 22. Qb3 Bd2 23. Rc4 Qg5 24. Rd1 e3 25. Bxe3 Bxe3 26. Qxe3 Qxe3 27. fxe3 Bc2 28. Rf1 Rxc4 29. Bxc4 Bxa4 30. d6 Rf8 31. Rxf7 Bc2 32. Rc7+ Kh8 33. d7 Bf5 34. b6 Rd8 35. b7 Bxd7 36. Rxd7 1-0


[Site "https://www.chess.com"]

[Event "Titled Tuesday Blitz May 2 Late 2023"]
[White "Jodorcovsky Werjivker, Paulo"]
[Black "Sai Krishna G V"]
[WhiteFideId "3700305"]
[BlackFideId "5028280"]
[WhiteElo "2120"]
[BlackElo "2359"]
[Result "0-1"]
[Round "02"]
[TimeControl "180+2"]
[Date "2023.05.02"]
[WhiteClock "0:00:01"]
[BlackClock "0:00:21"]

1. e4 e5 2. Nf3 Nc6 3. Bb5 a6 4. Ba4 d6 5. d3 g6 6. O-O Bg7 7. c3 Nf6 8. Re1 O-O 9. Nbd2 b5 10. Bc2 Bb7 11. Nf1 d5 12. Ng3 Re8 13. a4 d4 14. Bb3 dxc3 15. bxc3 b4 16. Ng5 Re7 17. cxb4 h6 18. Nf3 Nxb4 19. Ba3 a5 20. Bxb4 axb4 21. Qd2 c5 22. Rec1 Qd6 23. Qc2 Rc7 24. Nd2 Rd8 25. Nc4 Qe7 26. Nf1 Rcd7 27. Rd1 h5 28. a5 Ba6 29. Nb6 Rxd3 30. Nd5 Nxd5 31. Rxd3 Bxd3 32. Qxd3 Nc3 33. Qc4 Rd4 34. Qa6 Nxe4 35. Qa8+ Kh7 36. a6 Qf6 37. f3 Nd2 38. a7 Nxb3 39. Qb8 Nxa1 40. a8=Q Nc2 41. Qg8+ Kh6 42. Qa2 Ne1 43. Qaxf7 Qxf7 44. Qxf7 c4 45. Ne3 c3 46. Qb3 Rd2 47. Kf1 c2 48. Nxc2 Nxc2 49. Qc4 Ne3+ 50. Ke1 Nxc4 0-1


[Site "https://www.chess.com"]

[Event "Titled Tuesday Blitz May 2 Late 2023"]
[White "Rosen, Eric"]
[Black "Panico, Nick"]
[WhiteFideId "2032562"]
[BlackFideId "2026724"]
[WhiteElo "2331"]
[BlackElo "1982"]
[Result "1-0"]
[Round "02"]
[TimeControl "180+2"]
[Date "2023.05.02"]
[WhiteClock "0:00:26"]
[BlackClock "0:00:10"]

1. d4 f5 2. Bf4 Nf6 3. e3 e6 4. Nf3 Be7 5. h3 O-O 6. c4 b6 7. Nc3 Bb7 8. Bd3 Na6 9. a3 c5 10. d5 exd5 11. cxd5 d6 12. Bxf5 Nxd5 13. Be6+ Kh8 14. Nxd5 c4 15. Nxe7 Qxe7 16. Bd5 Bxd5 17. Qxd5 Rac8 18. Qxd6 Qe4 19. O-O Nc5 20. Qe5 Qc2 21. Qc3 Qf5 22. Rad1 Ne4 23. Qe5 Qg6 24. Nh4 Qc6 25. Nf5 Nf6 26. Ne7 Qe8 27. Nxc8 Qxc8 28. Rd4 c3 29. bxc3 Qxc3 30. Rd8 Qxe5 31. Rxf8+ Ng8 32. Bxe5 h6 33. Rd1 Kh7 34. Rd7 h5 35. Rxg7+ Kh6 36. Rfxg8 1-0


[Site "https://www.chess.com"]

[Event "Titled Tuesday Blitz May 2 Late 2023"]
[White "Coelho, Ramyres Santana"]
[Black "Simonian, Hrair"]
[WhiteFideId "2120690"]
[BlackFideId "13302337"]
[WhiteElo "1888"]
[BlackElo "2447"]
[Result "0-1"]
[Round "02"]
[TimeControl "180+2"]
[Date "2023.05.02"]
[WhiteClock "0:00:33"]
[BlackClock "0:00:27"]

1. e4 c5 2. Nf3 e6 3. d4 cxd4 4. c3 dxc3 5. Nxc3 a6 6. a4 Nc6 7. Bc4 Nge7 8. O-O Ng6 9. Qe2 Be7 10. Rd1 O-O 11. Bd3 Qc7 12. Bg5 Bxg5 13. Nxg5 h6 14. Nf3 Nce5 15. Nxe5 Qxe5 16. g3 b6 17. f4 Qc5+ 18. Qf2 Qxf2+ 19. Kxf2 Bb7 20. e5 Ne7 21. Be4 Bxe4 22. Nxe4 Nd5 23. Nc3 Nxc3 24. bxc3 Rac8 25. Rxd7 Rxc3 26. Rd6 Rc2+ 27. Kf3 Rb8 28. Rb1 Ra2 29. Rbxb6 Rxb6 30. Rxb6 Rxa4 31. Rb8+ Kh7 32. Rb7 Kg6 33. Kg4 h5+ 34. Kh4 Ra2 35. Kh3 a5 36. Ra7 a4 37. Ra6 a3 38. Ra7 f6 39. Ra6 Kf5 40. exf6 gxf6 41. Ra5+ e5 42. fxe5 fxe5 43. Ra4 e4 44. Ra5+ Kg6 45. Ra6+ Kf5 46. Ra5+ Ke6 47. Rxh5 e3 48. Rh4 Kd5 49. Rh8 Rb2 50. Rd8+ Kc6 51. Kg4 a2 52. Ra8 e2 53. Rxa2 Rxa2 0-1


[Site "https://www.chess.com"]

[Event "Titled Tuesday Blitz May 2 Late 2023"]
[White "Leiva, Gianmarco"]
[Black "Lopez Perdomo, Juan David"]
[WhiteFideId "3804399"]
[BlackFideId "4405137"]
[WhiteElo "2345"]
[BlackElo "1965"]
[Result "1-0"]
[Round "02"]
[TimeControl "180+2"]
[Date "2023.05.02"]
[WhiteClock "0:01:32"]
[BlackClock "0:00:16"]

1. d4 c5 2. d5 e6 3. Nc3 exd5 4. Nxd5 d6 5. g3 Bd7 6. Bg2 Bc6 7. Nh3 Nf6 8. Bg5 Be7 9. Bxf6 Bxf6 10. c3 O-O 11. Nhf4 Nd7 12. O-O Rc8 13. Qc2 b5 14. Rad1 Ne5 15. a4 a6 16. axb5 axb5 17. Qf5 Be7 18. Qxc8 Qxc8 19. Nxe7+ Kh8 20. Nxc8 Rxc8 21. Rxd6 Bxg2 22. Kxg2 Nc4 23. Rd7 Nxb2 24. Rb1 g5 25. Rxb2 gxf4 26. Rxb5 f3+ 27. exf3 c4 28. Rbb7 h5 29. Rxf7 h4 30. Rh7+ Kg8 31. Rbg7+ Kf8 32. Rc7 h3+ 33. Kxh3 Kg8 34. Rxc8+ Kxh7 35. Rxc4 Kg6 36. Re4 Kh5 37. c4 Kg5 38. c5 Kf5 39. c6 Kf6 40. c7 Kf5 41. c8=Q+ Kg5 42. Qc5+ Kf6 43. Rb4 Ke6 44. Rb6+ Kd7 45. Qa5 Kc8 46. Qa7 Kd8 47. Rb8# 1-0


[Site "https://www.chess.com"]

[Event "Titled Tuesday Blitz May 2 Late 2023"]
[White "Osmonbekov, Talaibek"]
[Black "Osinenko, Anton"]
[WhiteFideId "2017253"]
[BlackFideId "4158970"]
[WhiteElo "2135"]
[BlackElo "2294"]
[Result "0-1"]
[Round "02"]
[TimeControl "180+2"]
[Date "2023.05.02"]
[WhiteClock "0:00:07"]
[BlackClock "0:00:55"]

1. d4 Nf6 2. Bf4 b6 3. Nc3 Bb7 4. e3 d6 5. Nf3 Nbd7 6. Be2 g6 7. O-O Bg7 8. h3 O-O 9. a4 a5 10. Re1 Re8 11. Bh2 e5 12. dxe5 Nxe5 13. Nxe5 dxe5 14. Qxd8 Raxd8 15. Rad1 Nd5 16. Nxd5 Bxd5 17. b3 Be4 18. c3 Bc2 19. Rc1 Bxb3 20. Bb5 Re6 21. Rb1 Bc2 22. Rb2 Be4 23. Bg3 Red6 24. f3 Bb7 25. Bh4 f6 26. Bc4+ Kf8 27. Ree2 Rd1+ 28. Kh2 Ke7 29. f4 e4 30. f5 gxf5 31. Rf2 Bc8 32. Bg3 R8d7 33. Bb5 R7d6 34. Bxd6+ Rxd6 35. Rbd2 Bh6 36. Rxd6 Kxd6 37. Re2 Be6 38. c4 c6 39. Ba6 Kc7 40. g3 Kb8 0-1


[Site "https://www.chess.com"]